 Dungeon Crawl Stone Soup version 0.26-a0-812-g31a745ddcd (webtiles) character file.

Game seed: 4099305858384051590

91 Lanoc the Caller (level 4, -7/18 HPs)
             Began as a Felid Summoner on Nov 23, 2020.
             Was an Initiate of the Shining One.
             Killed by divine providence
             ... invoked by an orc priest
              (13 damage)
             ... on level 4 of the Dungeon.
             The game lasted 00:04:48 (2637 turns).

Lanoc the Caller (Felid Summoner)                   Turns: 2637, Time: 00:04:49

Health: -7/18      AC:  1    Str:  4    XL:     4   Next: 34%
Magic:  5/8        EV: 20    Int: 23    God:    the Shining One [......]
Gold:   142        SH:  0    Dex: 16    Spells: 1/7 levels left
                                        Lives:  0   Deaths: 1

rFire    . . .     SeeInvis +   (weapon unavailable)
rCold    . . .     Faith    .   (shield unavailable)
rNeg     . . .     Spirit   .   (armour unavailable)
rPois    .         Reflect  .   (helmet unavailable)
rElec    .         Harm     .   (cloak unavailable)
rCorr    .         Rampage  .   (gloves unavailable)
MR       .....                  (boots unavailable)
Stlth    +.........             (no amulet)
HPRegen  0.06/turn              f - +6 ring of intelligence
MPRegen  0.11/turn              (no ring)

@: brilliant, glowing, quick
A: very small, no armour, no weapons or thrown items, stealth, claws 1, fangs 3,
see invisible, speed 1, shaggy fur 1, sharp paws
a: Renounce Religion


You were on level 4 of the Dungeon.
You worshipped the Shining One.
The Shining One was noncommittal.
You visited 2 branches of the dungeon, and saw 5 of its levels.

You collected 142 gold pieces.

Inventory:

Jewellery
 f - a +6 ring of intelligence (left paw)
Scrolls
 a - a scroll of teleportation
 e - a scroll of random uselessness {unknown}
Potions
 c - a potion of heal wounds
 d - 2 potions of attraction {unknown}


   Skills:
 + Level 4.6 Dodging
 - Level 2.6 Stealth
 - Level 2.0 Spellcasting
 * Level 5.8 Summonings


You had one spell level left.
You knew the following spells:

 Your Spells              Type           Power        Failure   Level
a - Summon Small Mammal   Summ           ####         1%          1
b - Call Imp              Summ           #####...     1%          2
c - Call Canine Familiar  Summ           #####...     3%          3

Your spell library contained the following spells:

 Spells                   Type           Power        Failure   Level
 Summon Guardian Golem    Hex/Summ       ###.....     12%         3
 Summon Ice Beast         Ice/Summ       ###.....     36%         4
 Summon Lightning Spire   Summ/Air       ###.....     36%         4


Dungeon Overview and Level Annotations

Branches:
Dungeon (4/15)             Temple (1/1) D:4

Altars:
Dithmenos
Elyvilon
Fedhas
Gozag
Hepliaklqana
Kikubaaqudgha
Okawaru
Qazlal
Trog
Uskayaw
Vehumet
Wu Jian
Xom
Yredelemnul
Zin
The Shining One

Shops:
D:4 (

Annotations:
D:4 Edmund


Innate Abilities, Weirdness & Mutations

You cannot wear armour.
You are incapable of wielding weapons or throwing items.
Your paws allow you to move quietly. (Stealth)
You have sharp claws.
You have razor-sharp teeth.
You have supernaturally acute eyesight. (SInv)
You cover ground quickly.
You are covered in fur. (AC +1)
Your sharp claws are effective at attacking unaware monsters.


Message History

Casting: Call Canine Familiar (quite dangerous; 3% risk of failure)
Confirm with . or Enter, or press ? or * to list all spells.
The spell is quite dangerous to cast (3% risk of failure)!
Continue anyway?
You feel a surge of power!
Your wolf disappears in a puff of smoke!
The orc throws a stone.
The stone misses you. The orc priest misses you.
Your wolf misses the orc warrior.
You scratch the orc priest but do no damage.
Your bite misses the orc priest.
The orc priest is moderately wounded.
Your wolf barely misses the orc warrior.
An orc comes into view. It is wielding a +0 war axe.
The orc priest mumbles some strange prayers to Beogh against you.
Beogh smites you!
Ouch! That really hurt!
Your wolf closely misses the orc warrior.
The orc priest calls down the wrath of Beogh upon you.
Beogh smites you!
Ouch! That really hurt!
You die...

#.....## #.... ###.#
#.#....##..... ....
##.....##.#........... ...#
..........o(.......... ###...
#........##.o...#...... #....
.........#.....##..≈≈..
#...###.......##.#.....# ≈..≈.
...h.... ........#o..### ..≈.
....h#.. #.....@.oh## ..
#..).#..###......#(.#.# ⌠
#..#.....#.......#....#
..####..............(.#
#.o..#...........l##..#
#.................##.##
#.).##..............#####J..
##......................#....
#..###......#.................


You could see an orc warrior, an orc priest, a frilled lizard and a friendly
wolf (summoned).

Vanquished Creatures
  A howler monkey (D:3)
  2 leopard geckos
  An orc (D:4)
  A ball python (D:4)
  3 bats
  2 goblins (D:3)
  A quokka (D:4)
  2 frilled lizards
  A rat (D:3)
14 creatures vanquished.

Vanquished Creatures (collateral kills)
  An ogre (D:4)
  2 orc priests
  A hound zombie (D:4)
  2 adders (D:3)
  An ooze (D:4)
  A worm (D:3)
  3 orcs
  A bat (D:3)
  A giant cockroach (D:4)
  A hobgoblin (D:3)
  A goblin (D:3)
  2 kobolds
  A rat (D:3)
18 creatures vanquished.

Grand Total: 32 creatures vanquished

Notes
Turn   | Place    | Note
-------+----------+-------------------------------------------
     0 | D:1      | Lanoc the Felid Summoner began the quest for the Orb.
     0 | D:1      | Reached XP level 1. HP: 7/7 MP: 4/4
   185 | D:3      | Reached XP level 2. HP: 11/11 MP: 3/6
   189 | D:3      | Learned a level 2 spell: Call Imp
   779 | D:3      | Reached XP level 3. HP: 1/14 MP: 1/7
  1486 | D:3      | Learned a level 3 spell: Call Canine Familiar
  1857 | D:4      | Noticed an ogre
  1863 | D:4      | Found a white marble altar of Elyvilon.
  1866 | D:4      | Killed an ogre
  1866 | D:4      | Reached skill level 5 in Summonings
  1866 | D:4      | Reached XP level 4. HP: 18/18 MP: 1/8
  1954 | D:4      | Found a staircase to the Ecumenical Temple.
  1954 | D:4      | Noticed a phantom
  1964 | Temple   | Entered the Ecumenical Temple
  2022 | Temple   | Became a worshipper of the Shining One
  2099 | D:4      | Noticed Edmund
  2127 | D:4      | Found a bloodstained altar of Trog.
  2210 | D:4      | Found Desius's Weapon Boutique.
  2441 | D:3      | Slain by a phantom
  2442 | D:3      | Reached XP level 3. HP: 0/14 MP: 7/7
  2475 | D:4      | Reached XP level 4. HP: 15/18 MP: 4/8
  2512 | D:4      | Found a shadowy altar of Dithmenos.
  2618 | D:4      | Noticed an orc warrior
  2637 | D:4      | Killed from afar by an orc priest

Illustrated notes

Levels and vault maps discovered:
D:1:      sevenhm_arrival_forest_fort_small_1, layout_loops_ring,
          nemelex_xobeh_ov_fountains_minmay
D:2:      layout_loops_corners, uniq_sigmund
D:3:      layout_basic, minmay_starry_boxes
D:4:      cheibrodos_helix_gallery, layout_cave_pools,
          nicolae_overflow_hidden_temple, minmay_temple_entry_arrows,
          serial_shops, shop, guppyfry_early_orc_mine, uniq_edmund
Temple:   regret_index_temple_waves

Skill      XL: |  1  2  3 |
---------------+----------+-----
Dodging        | 3 4 |  4.6
Summonings     | 5 |  5.8
Stealth        | |  2.6
Spellcasting   | |  2.0

Action                   |  1- 3 |  4- 6 || total
-------------------------+-------+-------++-------
Melee: Unarmed           |    55 |    34 ||    89
       Bite              |     3 |     3 ||     6
 Cast: Summon Small Mamm |     5 |       ||     5
       Call Imp          |    14 |       ||    14
       Call Canine Famil |     1 |     5 ||     6
  Use: Scroll            |       |     6 ||     6
       Potion            |       |     2 ||     2
 Stab: Sleeping          |     4 |       ||     4
Armor: Skin              |     5 |     1 ||     6
Dodge: Dodged            |    57 |    37 ||    94

Table legend: (Time is in decaauts)
 A = Elapsed time spent in this place.
 B = Non-inter-level travel time spent in this place.
 C = Inter-level travel time spent in this place.
 D = Time resting spent in this place.
 E = Time spent auto-exploring this place.
 F = Levels seen in this place.
 G = Mean time per level.
                   A        B        C        D        E       F      G
               +--------+--------+--------+--------+--------+-----+--------+
         Total |   2397 |   2325 |     72 |    151 |   1790 |   5 |  479.4 |
       Dungeon |   2303 |   2276 |     27 |    151 |   1751 |   4 |  575.8 |
        Temple |     94 |     49 |     45 |      0 |     38 |   1 |   94.0 |
               +--------+--------+--------+--------+--------+-----+--------+

Top non-repeatable levels by time:
     D:3: 1752 daAuts
     D:4: 432 daAuts
  Temple: 94 daAuts
     D:2: 75 daAuts
     D:1: 43 daAuts
